 Dungeon Crawl Stone Soup version 0.25-a0-340-ga1faa1601d (webtiles) character file.

Game seed: 7134237337018921823, levelgen mode: classic

292 Borgoz the Covered (level 6, -9/40 HPs)
             Began as a Gargoyle Fighter on Dec 29, 2019.
             Killed by divine providence
             ... invoked by an orc priest
              (15 damage)
             ... on level 4 of the Dungeon.
             The game lasted 00:02:51 (2314 turns).

Borgoz the Covered (Gargoyle Fighter)               Turns: 2314, Time: 00:02:51

Health: -9/40      AC: 12    Str: 20    XL:     6   Next: 33%
Magic:  6/6        EV:  8    Int:  9    God:
Gold:   152        SH:  9    Dex: 10    Spells: 5/5 levels left

rFire    . . .     SeeInvis .   a - +0 flail
rCold    . . .     Gourm    .   c - +0 shield
rNeg     + . .     Faith    .   b - +0 scale mail
rPois    ∞         Spirit   .   (no helmet)
rElec    +         Reflect  .   (no cloak)
rCorr    .         Harm     +   (no gloves)
MR       .....                  s - +0 pair of boots
Stlth    ..........             u - amulet of harm
HPRegen  0.13/turn              r - ring of attention (curse)
MPRegen  0.10/turn              (no ring)

@: no status effects
A: negative energy resistance 1, electricity resistance, unbreathing,
petrification resistance, rot immunity, AC +4
a: no special abilities


You were on level 4 of the Dungeon.
You were not hungry.

You visited 1 branch of the dungeon, and saw 4 of its levels.

You collected 152 gold pieces.

Inventory:

Hand Weapons
 a - a +0 flail (weapon)
Armour
 b - a +0 scale mail (worn)
 c - a +0 shield (worn)
 s - a +0 pair of boots (worn)
Jewellery
 r - a cursed ring of attention (left hand)
 u - an amulet of harm (around neck)
 v - an uncursed ring of flight
Scrolls
 h - 5 scrolls of remove curse {unknown}
 i - 2 scrolls of random uselessness {unknown}
 j - 3 scrolls of teleportation {unknown}
 n - 4 scrolls of identify {unknown}
 q - a scroll of enchant weapon {unknown}
Potions
 d - a potion of might
 e - a potion of berserk rage {unknown}
 g - 2 potions of curing {unknown}
 k - a potion of invisibility {unknown}
 m - 2 potions of haste {unknown}
 o - 2 potions of flight {unknown}
 p - a potion of magic {unknown}
 t - a potion of agility {unknown}
Comestibles
 f - 5 rations


   Skills:
 * Level 4.8 Fighting
 * Level 3.8 Maces & Flails
 * Level 4.9 Armour
 + Level 1.5 Dodging
 - Level 3.2 Shields


You had 5 spell levels left.
You didn't know any spells.
Your spell library was empty.

Dungeon Overview and Level Annotations

Branches:
Dungeon (4/15)
 Temple: D:4-7

Altars:
Gozag

Annotations:
D:4 3 runed translucent doors, LostGamesStreakFreak's ghost, amateur DrEn


Innate Abilities, Weirdness & Mutations

You are resistant to torment.
Your stone body is resilient. (AC +4)
You are immune to poison.
You resist negative energy. (rN+)
You are resistant to electric shocks. (rElec)
You can survive without breathing.
You are immune to petrification.
You are immune to rotting.


Message History

The orc hits you.
You closely miss the orc.
The orc is moderately wounded.
You block the orc's attack.
The orc priest invokes the aid of Beogh against you.
Beogh smites you!
You are too injured to fight recklessly!
You are too injured to fight recklessly!
You are too injured to fight recklessly!
You hit the orc wizard.
The orc wizard is heavily wounded.
The orc priest invokes the aid of Beogh against you.
Beogh smites you!
* * * LOW HITPOINT WARNING * * *
You block the orc wizard's attack.
You barely miss the orc wizard.
The orc wizard is heavily wounded.
The orc priest invokes the aid of Beogh against you.
Beogh smites you!
You die...

###### #....# #....#######
#....#.....# #o...#.....#
##....#.....# ######
#!..o.#.....# #.....
#.##..o###..)..#####.....
......ooo@.........[......
....#..o###.....#####.....
### ##.####.....#####.....
......................
.##.##################÷ ..
#. ## # #. # #


You could see an orc priest, 2 orc wizards and 2 orcs.

Vanquished Creatures
  An ogre (D:4)
  A centaur skeleton (D:4)
  Jessica (D:2)
  An iguana (D:4)
  5 adders
  An ooze (D:1)
  A worm (D:3)
  4 dart slugs
  5 leopard geckos
  4 giant cockroaches
  5 goblins
  5 hobgoblins
  2 quokkas
  3 ball pythons
  7 bats
  6 frilled lizards
  9 kobolds
  11 rats
72 creatures vanquished.

Notes
Turn   | Place    | Note
-------+----------+-------------------------------------------
     0 | D:1      | Borgoz the Gargoyle Fighter began the quest for the Orb.
     0 | D:1      | Reached XP level 1. HP: 14/14 MP: 1/1
   192 | D:1      | Reached XP level 2. HP: 13/19 MP: 2/2
   485 | D:1      | Reached XP level 3. HP: 18/23 MP: 3/3
   772 | D:2      | Reached XP level 4. HP: 20/29 MP: 4/4
   885 | D:2      | Noticed Jessica
   917 | D:2      | Killed Jessica
  1033 | D:2      | Reached skill level 1 in Dodging
  1045 | D:2      | Found a faded altar of an unknown god.
  1107 | D:2      | Reached XP level 5. HP: 31/33 MP: 5/5
  1972 | D:4      | Found a runed translucent gate.
  1972 | D:4      | Found an opulent altar of Gozag.
  1972 | D:4      | Found a runed translucent gate.
  1973 | D:4      | Found a runed translucent gate.
  1973 | D:4      | Noticed LostGamesStreakFreak's ghost (amateur DrEn)
  2153 | D:4      | Noticed an ogre
  2161 | D:4      | Killed an ogre
  2161 | D:4      | Reached XP level 6. HP: 22/40 MP: 6/6
  2314 | D:4      | Killed from afar by an orc priest

Levels and vault maps discovered:
D:1:      mainiacjoe_arrival_reflecting_pool, layout_basic, minmay_pentomino_v4
D:2:      layout_rooms, first_ration, chequers_ecumenical_altar_island,
          uniq_jessica
D:3:      layout_rooms, chequers_serial_rivers_micro_b
D:4:      minmay_chambers_of_fours, layout_basic, ebering_ghost_gozag

Skill      XL: |  1  2  3  4 |
---------------+-------------+-----
Fighting       | 4 |  4.8
Armour         | 4 |  4.9
Maces & Flails | 3 |  3.8
Dodging        | 1 |  1.5
Shields        | |  3.2

Action                   |  1- 3 |  4- 6 || total
-------------------------+-------+-------++-------
Melee: Flail             |   127 |   134 ||   261
  Eat: Chunk             |       |     5 ||     5
Armor: Scale mail        |    82 |    70 ||   152
Dodge: Dodged            |    33 |    50 ||    83
Block: Shield            |    68 |    66 ||   134

Table legend:
 A = Non-vault XP
 B = Vault XP
 C = Vault XP percentage of total XP
 D = Non-vault monster count
 E = Vault monster count
 F = Vault count percentage of total count
                 A         B        C        D         E       F
            +---------+---------+-------+---------+---------+-------
      Total |     376 |      42 |  10.0 |      69 |       3 |   4.2
            +---------+---------+-------+---------+---------+-------
        D:1 |      47 |       5 |   9.6 |      23 |       2 |   8.0
        D:2 |      82 |      37 |  31.1 |      27 |       1 |   3.6
        D:3 |      47 |       0 |   0.0 |      12 |       0 |   0.0
        D:4 |     200 |       0 |   0.0 |       7 |       0 |   0.0
            +---------+---------+-------+---------+---------+-------
